 Dungeon Crawl Stone Soup version 0.29-a0-330-g52719c12eb (webtiles) character file.

Game seed: 10985461215555635908

48 night the Grasshopper (level 3, -1/43 HPs)
             Began as a Draconian Warper on May 21, 2022.
             Was a Follower of Qazlal.
             Slain by an orc
             ... wielding a +1 hand axe of venom
              (3 damage)
             ... on level 3 of the Dungeon.
             The game lasted 00:04:47 (2445 turns).

night the Grasshopper (Draconian Warper)            Turns: 2445, Time: 00:04:47

Health: -1/43      AC:  5    Str: 15    XL:     3   Next: 50%
Magic:  5/6        EV: 12    Int: 13    God:    Qazlal [*.....]
Gold:   101        SH:  2    Dex: 10    Spells: 4/6 levels left

rFire   . . .      SeeInvis .     - Unarmed
rCold   . . .      Faith    .   (no shield)
rNeg    . . .      Spirit   .   (body armour unavailable)
rPois   .          Reflect  .   (helmet restricted)
rElec   .          Harm     .   (no cloak)
rCorr   .          Rampage  .   (no gloves)
Will    .....                   (no boots)
Stlth   ..........              (no amulet)
HPRegen 0.14/turn               (no ring)
MPRegen 0.10/turn               (no ring)

@: berserking, attractive, very quick
A: AC +5, unfitting armour, cold-blooded
a: Renounce Religion


You were on level 3 of the Dungeon.
You worshipped Qazlal.
Qazlal was aware of your devotion.
You visited 1 branch of the dungeon, and saw 3 of its levels.

You collected 101 gold pieces.

Inventory:

Missiles
 b - 7 boomerangs of dispersal (quivered)
 f - 10 poisoned darts
 g - 82 stones
 h - 3 boomerangs
Jewellery
 j - a +6 ring of dexterity
Scrolls
 a - a scroll of blinking
 c - a scroll of magic mapping
 k - a scroll of summoning {unknown}
 l - a scroll of fog {unknown}
 n - a scroll of teleportation {unknown}
 o - a scroll of enchant weapon {unknown}
Potions
 i - a potion of mutation {unknown}
 m - a potion of degeneration {unknown}


   Skills:
 - Level 2.1 Fighting
 - Level 0.8 Throwing
 - Level 2.1 Dodging
 + Level 3.1 Unarmed Combat
 - Level 2.0 Spellcasting
 + Level 3.8 Translocations


You had 4 spell levels left.
You knew the following spells:

 Your Spells              Type           Power      Damage    Failure   Level
a - Blink                 Tloc           22%        N/A       8%          2

Your spell library contained the following spells:

 Spells                   Type           Power      Damage    Failure   Level
 Gell's Gravitas          Tloc           11%        N/A       16%         3
 Lesser Beckoning         Tloc           11%        N/A       16%         3
 Teleport Other           Tloc           11%        N/A       16%         3
 Passage of Golubria      Tloc           11%        N/A       45%         4
 Tukima's Dance           Hex            1%         N/A       58%         3
 Anguish                  Hex/Necr       0%         N/A       94%         4
 Summon Lightning Spire   Summ/Air       1%         N/A       94%         4
 Manifold Assault         Tloc           11%        N/A       82%         5
 Yara's Violent Unravell  Hex/Tmut       0%         3d3       100%        5
 Conjure Ball Lightning   Conj/Air       0%         3x3d6     100%        6
 Enfeeble                 Hex            0%         N/A       100%        7
 Storm Form               Tmut/Air       0%         N/A       100%        7
 Discord                  Hex            0%         N/A       100%        8
 Disjunction              Tloc           5%         N/A       100%        8
 Maxwell's Capacitive Co  Air            0%         ∞         100%        8


Dungeon Overview and Level Annotations

Branches:
Dungeon (3/15)

Altars:
Qazlal

Shops:
D:2 (


Innate Abilities, Weirdness & Mutations

Your plain brown scales are hard. (AC +5)
You cannot fit into any form of body armour.
You are cold-blooded and may be slowed by cold attacks.


Message History

You hear a bark!
The orc misses you.
You hit the orc but do no damage.
You tail-slap the orc, but do no damage.
You punch the orc.
You kill the orc!
Qazlal accepts your kill.
You hit the orc but do no damage.
The orc is moderately wounded.
The orc hits you with a +1 hand axe of venom.
You are poisoned.
Casting: Blink (safe; 8% risk of failure)
Confirm with . or Enter, or press ? or * to list all spells.
You blink.
You feel very sick.
You feel sick.
* * * LOW HITPOINT WARNING * * *
You feel sick.
* * * LOW HITPOINT WARNING * * *
You feel sick.
* * * LOW HITPOINT WARNING * * *
You feel sick.
You feel stable enough to blink again.
* * * LOW HITPOINT WARNING * * *
You feel sick.
* * * LOW HITPOINT WARNING * * *
You feel sick.
* * * LOW HITPOINT WARNING * * *
You feel sick.
There is a stone staircase leading up here.
It was a potion of attraction.
You feel attractive to monsters.
* * * LOW HITPOINT WARNING * * *
You feel sick.
You are no longer poisoned.
It was a potion of berserk rage.
A red film seems to cover your vision as you go berserk!
You feel yourself moving faster!
You feel mighty!
The orc hits you with a +1 hand axe of venom.
You die...

#o #.# #. #.#
#.#####.##
#hh..hh..########
######...........
#...######.#
#.#.#
#.#h######.#
#.#.ho@....#
#.#.########
#.#.# #.#.# #.#.#
#.# #.. ... ###


You could see an orc and 2 jackals.

Vanquished Creatures
  2 adders (D:2)
  A worm (D:2)
  An orc (D:3)
  2 endoplasms
  A giant cockroach (D:2)
  3 goblins
  4 hobgoblins
  2 ball pythons
  2 bats (D:1)
  2 frilled lizards
  4 kobolds
  2 rats (D:2)
26 creatures vanquished.

Notes
Turn   | Place    | Note
-------+----------+-------------------------------------------
     0 | D:1      | night the Draconian Warper began the quest for the Orb.
     0 | D:1      | Reached XP level 1. HP: 17/17 MP: 3/3
   704 | D:2      | Found a faded altar of an unknown god.
   712 | D:2      | Prayed at the altar of an unknown god.
   712 | D:2      | Became a worshipper of Qazlal Stormbringer
   712 | D:2      | Reached * piety under Qazlal
   775 | D:2      | Reached XP level 2. HP: 13/24 MP: 5/5
  1131 | D:2      | Learned a level 2 spell: Blink
  1361 | D:2      | Reached XP level 3. HP: 22/29 MP: 6/6
  1615 | D:2      | Found Acouraukh's Weapon Boutique.
  2441 | D:3      | HP: 4/29 [poisoned by an orc]
  2444 | D:3      | HP: 1/29 [poisoned by an orc]
  2445 | D:3      | Slain by an orc

Illustrated notes

Levels and vault maps discovered:
D:1:      eino_arrival_tree_alley, layout_rooms
D:2:      cheibrodos_helix_gallery, layout_basic, serial_shops,
          nicolae_shop_behind_doors, ebering_ecumenical_altar_petrified
D:3:      layout_loops_ring

Skill      XL: |  1  2  3 |
---------------+----------+-----
Unarmed Combat | 3 |  3.1
Fighting       | |  2.1
Throwing       | |  0.8
Dodging        | |  2.1
Spellcasting   | |  2.0
Translocations | |  3.8

Action                   || total
-------------------------++-------
Melee: Unarmed           ||   136
       Punch             ||     3
       Tailslap          ||    12
 Cast: Blink             ||     1
  Use: Scroll            ||     3
       Potion            ||     2
Armor: Skin              ||    36
Dodge: Dodged            ||    61
Block: Other             ||     3

Table legend: (Time is in decaauts)
 A = Elapsed time spent in this place.
 B = Non-inter-level travel time spent in this place.
 C = Inter-level travel time spent in this place.
 D = Time resting spent in this place.
 E = Time spent auto-exploring this place.
 F = Levels seen in this place.
 G = Mean time per level.
                   A        B        C        D        E       F      G
               +--------+--------+--------+--------+--------+-----+--------+
         Total |   2441 |   2373 |     68 |      0 |   2067 |   3 |  813.7 |
       Dungeon |   2441 |   2373 |     68 |      0 |   2067 |   3 |  813.7 |
               +--------+--------+--------+--------+--------+-----+--------+

Top non-repeatable levels by time:
     D:2: 1689 daAuts
     D:1: 699 daAuts
     D:3: 52 daAuts
